 Dungeon Crawl Stone Soup version 0.23-a0-481-g60b89c1 (webtiles) character file.

218 MisterFreud the Chiller (level 5, -2/31 HPs)
             Began as an Octopode Ice Elementalist on Nov 29, 2018.
             Slain by an ogre
             ... wielding a +0 giant club
              (24 damage)
             ... on level 4 of the Dungeon.
             The game lasted 00:10:32 (4739 turns).

MisterFreud the Chiller (Octopode Ice Elementalist) Turns: 4739, Time: 00:10:32

Health: -2/31      AC:  7    Str:  8    XL:     5   Next: 95%
Magic:  5/8        EV: 18    Int: 18    God:
Gold:   257        SH:  3    Dex: 12    Spells: 4/8 levels left

rFire    . . .     SeeInvis .   (no weapon)
rCold    . . .     Gourm    .   (no shield)
rNeg     . . .     Faith    .   (helmet restricted)
rPois    .         Spirit   .   p - +3 amulet of reflection
rElec    .         Reflect  +   n - +5 ring of evasion
rCorr    .         Harm     .   (no ring)
MR       .....                  (no ring)
Stlth    +++.......             (no ring)
HPRegen  0.10/turn              (no ring)
MPRegen  0.11/turn              (no ring)
                                (no ring)
                                (no ring)

@: icy armour
A: almost no armour, stealthy swim, amphibious, 8 rings, constrict 8, camouflage
1, gelatinous body 1
a: no special abilities


You were on level 4 of the Dungeon.
You were near starving.

You visited 1 branch of the dungeon, and saw 4 of its levels.

You collected 257 gold pieces.

Inventory:

Missiles
 a - 20 bolts
 c - 51 stones (quivered)
 e - 3 javelins
 i - 63 arrows
 j - 35 poisoned needles
 k - 17 sling bullets
Jewellery
 n - a +5 ring of evasion (left tentacle)
 p - a +3 amulet of reflection (around mantle)
Wands
 g - a wand of iceblast (5)
Scrolls
 f - 3 scrolls of teleportation
 h - 2 scrolls of blinking
 o - a scroll of enchant armour {unknown}
 r - a scroll of remove curse
Potions
 d - 4 potions of curing
 l - a potion of heal wounds
 m - a potion of agility {unknown}
Comestibles
 b - 5 rations


   Skills:
 - Level 2.0 Dodging
 - Level 2.6 Stealth
 - Level 2.0 Spellcasting
   Level 1.0 Conjurations
 + Level 3.8 Charms
 - Level 5.0 Ice Magic


You had 4 spell levels left.
You knew the following spells:

 Your Spells              Type           Power        Failure   Level  Hunger
a - Freeze                Ice            ###.         2%          1    #......
b - Ozocubu's Armour      Chrm/Ice       ###.....     9%          3    ###....

Your spell library contained the following spells:

 Spells                   Type           Power        Failure   Level  Hunger
 Throw Frost              Conj/Ice       ##....       8%          2    ###....
 Throw Icicle             Conj/Ice       ##......     45%         4    #####..
 Summon Ice Beast         Ice/Summ       ##......     54%         4    #####..


Dungeon Overview and Level Annotations

Branches:
Dungeon (4/15)
 Temple: D:4-7

Altars:
Dithmenos
Nemelex Xobeh
Vehumet


Innate Abilities, Weirdness & Mutations

You cannot wear most types of armour.
You are very stealthy in the water. (Stealth+)
You are amphibious.
You can wear up to eight rings at the same time.
You can use your tentacles to constrict eight enemies at once.
Your skin changes colour to match your surroundings (Stealth+).
Your rubbery body absorbs attacks. (AC +1, EV +1)


Message History

The ogre is too close now for your liking.
Casting: Freeze (safe; 2% risk of failure)
Confirm with . or Enter, or press ? or * to list all spells.
A film of ice covers your body!
You tentacle-slap the ogre.
The ogre is lightly wounded.
The ogre closely misses you.
You tentacle-slap the ogre.
The ogre is lightly wounded.
The ogre misses you.
You tentacle-slap the ogre but do no damage.
You squeeze the ogre!
The ogre is heavily wounded.
The ogre hits you with a +0 giant club!
You are near starving!
You barely miss the ogre.
The ogre is heavily wounded.
The ogre hits you with a +0 giant club!!
Ouch! That really hurt!
You die...

### ..# ..# ..## ...# ..## #####
#### ...###...# ##..##
#....#...####..O.##
#........##....#@.#####
.........##..###.<#.#.#
.....).###....###.....##
#........##.#.# #.#....#
#....)).....#.# ######.##
#...........#.# ###..##
......O...###.# #.##...#####
........#.#.#.####...........###
.......##.......##.............#


You could see an ogre.

Vanquished Creatures
  2 orc wizards (D:4)
  An orc priest (D:3)
  A worker ant (D:4)
  A gnoll (D:1)
  2 adders
  2 worms (D:3)
  4 dart slugs
  8 orcs
  2 giant cockroaches (D:3)
  12 goblins
  7 hobgoblins
  3 kobolds
  2 quokkas (D:3)
  2 ball pythons (D:1)
  3 bats
  5 frilled lizards
  4 rats
61 creatures vanquished.

Notes
Turn   | Place    | Note
-------+----------+-------------------------------------------
     0 | D:1      | MisterFreud the Octopode Ice Elementalist began the quest
                  | for the Orb.
     0 | D:1      | Reached XP level 1. HP: 11/11 MP: 3/3
   473 | D:1      | Reached XP level 2. HP: 3/17 MP: 3/5
   965 | D:1      | Reached skill level 4 in Ice Magic
  1157 | D:1      | Reached XP level 3. HP: 16/21 MP: 4/6
  1455 | D:1      | Learned a level 3 spell: Ozocubu's Armour
  1552 | D:2      | Found a radiant altar of Vehumet.
  2222 | D:2      | Found a shadowy altar of Dithmenos.
  2256 | D:2      | Found a sparkling altar of Nemelex Xobeh.
  2346 | D:3      | Reached skill level 1 in Charms
  2346 | D:3      | Reached XP level 4. HP: 24/27 MP: 4/7
  2799 | D:3      | Reached skill level 5 in Ice Magic
  2802 | D:3      | HP: 1/27 [orc/cursed +0 flail (8)]
  3409 | D:3      | Reached XP level 5. HP: 20/31 MP: 8/8
  3795 | D:4      | Noticed an ogre
  4739 | D:4      | Slain by an ogre

Vault maps used:
D:1:      wander_arrival_desolate, minmay_box_of_dots
D:2:      overflow_temple_1_default, nicolae_overflow_crystal_walls,
          nemelex_spade_bored_becter, uniq_robin
D:4:      first_ration

Skill      XL: |  1  2  3  4  5 |
---------------+----------------+-----
Ice Magic      | 4 5 |  5.0
Charms         | 1 2 3 |  3.8
Dodging        | |  2.0
Stealth        | |  2.6
Spellcasting   | |  2.0
Conjurations   | |  1.0

Action                   |  1- 3 |  4- 6 || total
-------------------------+-------+-------++-------
Melee: Unarmed           |    57 |    82 ||   139
       Constrict         |    24 |    27 ||    51
       Tentacles         |     7 |    20 ||    27
 Cast: Freeze            |    20 |    20 ||    40
       Ozocubu's Armour  |       |     2 ||     2
  Use: Scroll            |       |     8 ||     8
 Stab: Sleeping          |     6 |     5 ||    11
  Eat: Chunk             |     5 |     6 ||    11
Armor: Skin              |     3 |     8 ||    11
Dodge: Dodged            |    36 |    58 ||    94
Block: Other             |       |     7 ||     7

Table legend:
 A = Non-vault XP
 B = Vault XP
 C = Vault XP percentage of total XP
 D = Non-vault monster count
 E = Vault monster count
 F = Vault count percentage of total count
                 A         B        C        D         E       F
            +---------+---------+-------+---------+---------+-------
      Total |     295 |      17 |   5.4 |      52 |       9 |  14.8
            +---------+---------+-------+---------+---------+-------
        D:1 |      31 |       6 |  16.2 |      12 |       3 |  20.0
        D:2 |      26 |      11 |  29.7 |       7 |       6 |  46.2
        D:3 |     102 |       0 |   0.0 |      27 |       0 |   0.0
        D:4 |     136 |       0 |   0.0 |       6 |       0 |   0.0
            +---------+---------+-------+---------+---------+-------
